 Dungeon Crawl Stone Soup version 0.30-a0-165-g1891117ce2 (webtiles) character file.

Game seed: 15138083212177318373

2036 qw the Cleaver (level 9, -2/56 HPs)
             Began as a Gargoyle Fighter on Sept 28, 2022.
             Slain by a yak (4 damage)
             ... on level 5 of the Dungeon.
             The game lasted 00:02:01 (6232 turns).

qw the Cleaver (Gargoyle Fighter)                   Turns: 6232, Time: 00:02:02

Health: -2/56      AC: 18    Str: 24    XL:     9   Next: 24%
Magic:  9/9        EV:  8    Int:  9    God:
Gold:   355        SH:  9    Dex:  9    Spells: 8/8 levels left

rFire   . . .      SeeInvis .    Y - +5 war axe
rCold   . . .      Faith    .    c - +0 buckler
rNeg    + . .      Spirit   .    o - +0 chain mail
rPois   inf        Reflect  +    (no helmet)
rElec   +          Harm     .    (no cloak)
rCorr   .          Rampage  .    f - +0 pair of gloves
Will    .....                    k - +0 pair of boots
Stlth   ..........               l - amulet of reflection
HPRegen 0.18/turn                (no ring)
MPRegen 0.11/turn                (no ring)

@: no status effects
A: sickness immunity, AC +6, negative energy resistance 1, electricity
resistance, torment resistance 1, petrification resistance
a: no special abilities


You were on level 5 of the Dungeon.
You visited 2 branches of the dungeon, and saw 7 of its levels.
You also visited: Ossuary.

You collected 355 gold pieces.


Innate Abilities, Weirdness & Mutations

You are immune to sickness and miasma.
Your stone body is resilient. (AC +6)
You are immune to poison.
You resist negative energy. (rN+)
You are resistant to electric shocks. (rElec)
You are resistant to unholy torment.
You are immune to petrification.


   Skills:
 + Level 6.6 Fighting
 - Level 9.0 Axes
 - Level 4.8 Armour
 - Level 1.1 Dodging
 - Level 4.2 Shields


You had 8 spell levels left.
You didn't know any spells.
Your spell library was empty.

Inventory:

Hand Weapons
 e - a +0 whip of electrocution
 Y - a +5 war axe (weapon)
Armour
 c - a +0 buckler (worn)
 f - a +0 pair of gloves (worn)
 k - a +0 pair of boots (worn)
 o - a +0 chain mail (worn)
Jewellery
 l - an amulet of reflection (around neck)
Wands
 s - a wand of digging (6)
Scrolls
 a - a scroll of identify
Potions
 b - a potion of resistance
 d - 4 potions of might
 g - a potion of lignification {unknown}
 h - a potion of attraction
 j - 6 potions of curing
 m - a potion of flight {unknown}
 p - a potion of mutation {unknown}

Dungeon Overview and Level Annotations

Branches:
Dungeon (6/15)             Temple (1/1) D:5         Ossuary (visited)

Altars:
Dithmenos
Elyvilon
Gozag
Hepliaklqana
Kikubaaqudgha
Nemelex Xobeh
Qazlal
Ru
Sif Muna
Trog
Uskayaw
Vehumet
Wu Jian
Xom
Yredelemnul
The Shining One


Message History

There is a stone staircase leading up here.
6223 ||| STAIRDANCE You block the yak's attack.
The ice beast hits you but does no damage.
The yak gores you. You block the yak's attack.
You climb upwards.
There is a stone staircase leading down here.
You hit the yak.
The yak is lightly wounded.
You hit the yak. x2
The yak barely misses you. The yak closely misses you. The yak gores you.
You closely miss the yak.
The yak is lightly wounded.
You barely miss the yak. You slash the yak! You block the yak's attack.
The yak gores you but does no damage. x2
You closely miss the yak.
The yak is moderately wounded.
You hit the yak. You barely miss the yak. You block the yak's attack.
The yak gores you! The yak barely misses you.
You slash the yak!
The yak is moderately wounded.
You barely miss the yak. x2
The yak gores you! The yak gores you. x2
You slash the yak!
The yak is severely wounded.
You slash the yak! You barely miss the yak. The yak gores you!
You block the yak's attack. The yak gores you.
You slash the yak!
You kill the yak!
You hit the yak. You barely miss the yak. The yak gores you!
The yak gores you but does no damage.
You slash the yak!
The yak is severely wounded.
You hit the yak. You block the yak's attack. x2
You hit the yak but do no damage.
The yak is severely wounded.
You hit the yak. The yak barely misses you. The yak gores you.
You die...

#.#?#######.#
#.#.#.......#
#.#.......###
#.....###.#
####### #.#
##########.#
#........#.#
#######........#.#
......%.......YY@#
#######........#Y#
.# #........#.# .#
#........#.# .#
#........#.# .#
#........#.#
'######........#.#
.........#######.#
...[.....# #.#


You could see 2 yaks and an ice beast.

Vanquished Creatures
  Grinder (D:5)
  Sigmund (D:5)
  3 yaks (D:5)
  An ice beast (D:5)
  An ogre (D:5)
  2 elf zombies (Ossuary)
  Blork the orc (D:5)
  A scorpion (D:5)
  A troll zombie (Ossuary)
  A human zombie (Ossuary)
  2 jellies (D:5)
  A hound (D:5)
  3 orc priests
  3 iguanas (D:5)
  Natasha (thrice) (D:2)
  An orc wizard (D:3)
  4 ogre zombies (Ossuary)
  7 mummies (Ossuary)
  3 gnolls (D:2)
  8 adders
  2 river rats (D:4)
  4 adder zombies (Ossuary)
  6 dart slugs
  4 orcs
  12 ball pythons
  4 endoplasms
  A gnoll zombie (Ossuary)
  6 goblins
  2 hobgoblins
  7 jackals
  6 kobolds
  A quokka (D:4)
  4 bats
  2 frilled lizards
  4 goblin zombies (Ossuary)
  4 hobgoblin zombies (Ossuary)
  2 kobold zombies (Ossuary)
  An orc zombie (Ossuary)
  3 quokka zombies (Ossuary)
  5 rats
  3 rat zombies (Ossuary)
131 creatures vanquished.

Vanquished Creatures (others)
  3 fungi (D:2)
  2 plants (D:2)
5 creatures vanquished.

Grand Total: 136 creatures vanquished

Notes
Turn   | Place    | Note
-------+----------+-------------------------------------------
     0 | D:1      | qw the Gargoyle Fighter began the quest for the Orb.
     0 | D:1      | Reached XP level 1. HP: 14/14 MP: 1/1
     0 | D:1      | 0 ||| qw: Version: 0.2-a-12-gaebbb33
     0 | D:1      | 0 ||| qw: Game counter: 830
     0 | D:1      | 0 ||| qw: Always use a shield: true
     0 | D:1      | 0 ||| qw: God list: Okawaru
     0 | D:1      | 0 ||| qw: Allow faded altars: false
     0 | D:1      | 0 ||| qw: Do Orc after D:15 true
     0 | D:1      | 0 ||| qw: Do second Lair branch before Depths: true
     0 | D:1      | 0 ||| qw: Lair rune preference: random
     0 | D:1      | 0 ||| qw: Plans: Normal, Zot:1-4, God:TSO, Crypt, Tomb,
                  | Pan, Slime:5, Hells, Abyss, Orb
     0 | D:1      | 0 ||| PLANNING D:1-11
    17 | D:1      | Reached skill level 2 in Axes
   244 | D:1      | Reached XP level 2. HP: 19/19 MP: 2/2
   370 | D:1      | You fall into a shaft and drop 1 floor!
   503 | D:2      | Noticed Natasha
   504 | D:2      | 504 ||| Stepping ~*~*~tactically~*~*~ (hiding).
   511 | D:2      | Killed Natasha
   512 | D:2      | Reached skill level 3 in Axes
   512 | D:2      | Reached XP level 3. HP: 21/23 MP: 3/3
   522 | D:2      | 522 ||| Stepping ~*~*~tactically~*~*~ (stealth).
   537 | D:2      | 537 ||| Stepping ~*~*~tactically~*~*~ (stealth).
   539 | D:2      | 539 ||| READING scroll labelled JIMITILUMAA.
   625 | D:2      | 625 ||| READING 2 scrolls labelled VIROGUD ITOLL.
   626 | D:2      | 626 ||| READING scroll of enchant weapon.
   626 | D:2      | 626 ||| ENCHANTING +1 war axe.
   769 | D:1      | 769 ||| READING scroll labelled HOUNLA FOYTT.
   778 | D:2      | 778 ||| STAIRDANCE
   785 | D:1      | Reached XP level 4. HP: 28/28 MP: 4/4
   787 | D:2      | Noticed Natasha
   798 | D:2      | Killed Natasha
   799 | D:2      | Reached skill level 4 in Axes
   910 | D:2      | Reached XP level 5. HP: 29/32 MP: 5/5
   926 | D:2      | Noticed Natasha
   936 | D:2      | HP: 7/32 [Natasha (5)]
   937 | D:2      | HP: 2/32 [Natasha (5)]
   939 | D:2      | Killed Natasha
   943 | D:2      | HP: 2/32 [ball python (1)]
  1577 | D:2      | 1577 ||| Stepping ~*~*~tactically~*~*~ (hiding).
  1587 | D:2      | 1587 ||| Stepping ~*~*~tactically~*~*~ (water).
  1594 | D:2      | Reached skill level 5 in Axes
  1829 | D:2      | 1829 ||| DROPPING +0 club.
  1835 | D:2      | Found a faded altar of an unknown god.
  1864 | D:2      | 1864 ||| UPGRADING to +0 pair of gloves.
  1869 | D:2      | 1869 ||| UPGRADING to +0 pair of boots.
  1874 | D:2      | 1874 ||| UPGRADING to amulet of reflection.
  1879 | D:2      | 1879 ||| READING 2 scrolls labelled DUAFUM LUFO.
  1880 | D:2      | 1880 ||| DRINKING 2 golden potions.
  1913 | D:3      | 1913 ||| READING scroll of enchant weapon.
  1913 | D:3      | 1913 ||| ENCHANTING +2 war axe.
  2053 | D:3      | Found a hide-covered altar of Uskayaw.
  2146 | D:3      | 2146 ||| Stepping ~*~*~tactically~*~*~ (hiding).
  2173 | D:3      | Reached skill level 1 in Dodging
  2173 | D:3      | Reached XP level 6. HP: 38/38 MP: 6/6
  2186 | D:3      | 2186 ||| Stepping ~*~*~tactically~*~*~ (hiding).
  2599 | D:3      | 2599 ||| UPGRADING to +0 chain mail.
  2609 | D:3      | 2609 ||| DROPPING +0 scale mail.
  2610 | D:3      | 2610 ||| READING scroll labelled DIOZUF BUHYECE.
  2611 | D:3      | 2611 ||| READING scroll labelled ELURIGI SAYMISIH.
  2612 | D:3      | 2612 ||| DRINKING 2 coppery potions.
  2613 | D:3      | 2613 ||| READING 2 scrolls of identify.
  2613 | D:3      | 2613 ||| IDENTIFYING green potion
  2614 | D:3      | 2614 ||| DROPPING potion of brilliance.
  2631 | D:4      | 2631 ||| PLANNING OSSUARY
  2631 | D:4      | 2631 ||| Stepping ~*~*~tactically~*~*~ (hiding).
  2646 | D:4      | HP: 5/38 [orc priest/+0 mace (6)]
  2647 | D:4      | 2647 ||| DRINKING potion of heal wounds.
  2873 | D:4      | 2873 ||| Stepping ~*~*~tactically~*~*~ (stealth).
  2947 | D:4      | Found a sand-covered staircase.
  2948 | D:4      | 2948 ||| READING 2 scrolls labelled UBBUIL TOB IMP.
  2951 | D:4      | 2951 ||| READING scroll labelled XOUSOMM NUICZE.
  2952 | D:4      | 2952 ||| READING 2 scrolls of identify.
  2952 | D:4      | 2952 ||| IDENTIFYING white potion
  2953 | D:4      | 2953 ||| DROPPING potion of degeneration.
  2964 | Ossuary  | Entered an ossuary
  3037 | Ossuary  | Reached skill level 6 in Axes
  3133 | Ossuary  | 3133 ||| Stepping ~*~*~tactically~*~*~ (stealth).
  3143 | Ossuary  | Reached XP level 7. HP: 38/43 MP: 7/7
  3501 | Ossuary  | HP: 6/43 [troll zombie (7)]
  3502 | Ossuary  | 3502 ||| READING scroll of teleportation.
  3504 | Ossuary  | HP: 2/43 [troll zombie (5)]
  3858 | Ossuary  | Reached skill level 7 in Axes
  3939 | Ossuary  | 3939 ||| READING scroll of enchant weapon.
  3939 | Ossuary  | 3939 ||| ENCHANTING +3 war axe.
  4018 | Ossuary  | 4018 ||| RIP SEWER
  4018 | Ossuary  | 4018 ||| DRINKING 2 glowing white potions.
  4019 | Ossuary  | 4019 ||| READING 2 scrolls of identify.
  4019 | Ossuary  | 4019 ||| IDENTIFYING sedimented amethyst potion
  4020 | Ossuary  | 4020 ||| DROPPING potion of magic.
  4032 | D:4      | 4032 ||| RIP SEWER
  4033 | D:4      | 4033 ||| PLANNING D:1-11
  4034 | D:4      | 4034 ||| Stepping ~*~*~tactically~*~*~ (hiding).
  4036 | D:4      | 4036 ||| Stepping ~*~*~tactically~*~*~ (hiding).
  4178 | D:4      | 4178 ||| Stepping ~*~*~tactically~*~*~ (hiding).
  4179 | D:4      | 4179 ||| Stepping ~*~*~tactically~*~*~ (hiding).
  4180 | D:4      | 4180 ||| Stepping ~*~*~tactically~*~*~ (hiding).
  4183 | D:4      | 4183 ||| Stepping ~*~*~tactically~*~*~ (hiding).
  4337 | D:4      | Found a shimmering altar of Xom.
  4601 | D:4      | 4601 ||| Stepping ~*~*~tactically~*~*~ (stealth).
  4724 | D:4      | 4724 ||| READING scroll labelled EKEOVV GOXT.
  4725 | D:4      | 4725 ||| READING 2 scrolls of identify.
  4725 | D:4      | 4725 ||| IDENTIFYING viscous coppery potion
  4726 | D:4      | 4726 ||| DROPPING potion of ambrosia.
  4757 | D:5      | Entered Level 5 of the Dungeon
  4757 | D:5      | Noticed Sigmund
  4763 | D:5      | Killed Sigmund
  4764 | D:5      | Reached XP level 8. HP: 49/49 MP: 8/8
  5062 | D:5      | Noticed Blork the orc
  5063 | D:5      | 5063 ||| Stepping ~*~*~tactically~*~*~ (hiding).
  5074 | D:5      | Killed Blork the orc
  5156 | D:5      | Noticed Grinder
  5157 | D:5      | 5157 ||| Stepping ~*~*~tactically~*~*~ (hiding).
  5167 | D:5      | 5167 ||| Stepping ~*~*~tactically~*~*~ (hiding).
  5179 | D:5      | 5179 ||| Stepping ~*~*~tactically~*~*~ (hiding).
  5183 | D:5      | Killed Grinder
  5184 | D:5      | Reached skill level 8 in Axes
  5246 | D:5      | 5246 ||| READING scroll of enchant weapon.
  5246 | D:5      | 5246 ||| ENCHANTING +4 war axe.
  5252 | D:5      | Found an ancient bone altar of Kikubaaqudgha.
  5255 | D:5      | Found a sacrificial altar of Ru.
  5401 | D:5      | Found a staircase to the Ecumenical Temple.
  5402 | D:5      | 5402 ||| PLANNING TEMPLE
  5402 | D:5      | 5402 ||| READING scroll labelled JEQEOT TISM.
  5403 | D:5      | 5403 ||| READING 2 scrolls labelled IFFUOS HEUTT.
  5404 | D:5      | 5404 ||| DRINKING 2 fuming brown potions.
  5405 | D:5      | 5405 ||| DROPPING scroll of poison.
  5415 | Temple   | Entered the Ecumenical Temple
  5551 | Temple   | 5551 ||| PLANNING D:1-11
  5691 | D:5      | Reached skill level 6 in Fighting
  5746 | D:5      | 5746 ||| DROPPING +0 whip.
  5796 | D:6      | Noticed a yak
  5796 | D:6      | Noticed a yak
  5796 | D:6      | Noticed a yak
  5797 | D:6      | Noticed a yak
  5799 | D:6      | 5799 ||| STAIRDANCE
  5941 | D:6      | Noticed a yak
  5942 | D:6      | 5942 ||| STAIRDANCE
  5946 | D:5      | HP: 9/51 [yak (6)]
  5947 | D:5      | 5947 ||| READING scroll of teleportation.
  5948 | D:5      | 5948 ||| DRINKING potion of heal wounds.
  6113 | D:5      | Killed a yak
  6114 | D:5      | Reached skill level 9 in Axes
  6114 | D:5      | Reached XP level 9. HP: 48/55 MP: 9/9
  6223 | D:6      | 6223 ||| STAIRDANCE
  6229 | D:5      | HP: 12/55 [yak (3)]
  6230 | D:5      | HP: 2/55 [yak (11)]
  6232 | D:5      | Slain by a yak

Levels and vault maps discovered:
D:1:      elethiomel_arrival_shortcut, layout_rooms, chequers_garden,
          kennysheep_another_room, minmay_misc_feat_square
D:2:      layout_rooms, shapermc_ecumenical_altar_hornbeckon, uniq_natasha
D:3:      layout_loops_ring, mainiacjoe_overflow_cross_hatched
D:4:      layout_loops_ring, nicolae_overflow_crystal_walls,
          portal_sewer_entry_e, enter_ossuary_1, corexii_shack
D:5:      layout_basic, minitemple, temple_statues, uniq_blork_the_orc,
          uniq_sigmund, uniq_grinder
D:6:      layout_rooms, fedhas_ov_isle_minmay, serial_co_window_serial,
          co_window_of_opportunity_a, co_window_paths_a, co_window_cross_1,
          co_window_corner_a, co_window_cross_1, co_window_2corner,
          co_window_broadway_b, co_window_corner_ca, co_window_of_opportunity_b,
          co_window_4corner_b, glass_columns_a, glass_columns_a,
          glass_columns_a, glass_columns_a, glass_columns_a
Temple:   hellmonk_temple_forest_ring

Skill      XL: |  1  2  3  4  5  6  7  8  9 |
---------------+----------------------------+-----
Axes           | 2 3 4 5 6 7 9 |  9.0
Fighting       | 4 5 6 |  6.6
Dodging        | 1 |  1.1
Armour         | 4 |  4.8
Shields        | 4 |  4.2

Action                   |  1- 3 |  4- 6 |  7- 9 || total
-------------------------+-------+-------+-------++-------
Melee: War axe           |    64 |   171 |   206 ||   441
  Use: Scroll            |     4 |     8 |     9 ||    21
       Potion            |       |     3 |     3 ||     6
Armor: Scale mail        |    33 |    57 |       ||    90
       Chain mail        |       |    37 |    75 ||   112
Dodge: Dodged            |    33 |    61 |    38 ||   132
Block: Buckler           |    11 |    51 |    64 ||   126
       Reflection        |       |     2 |     1 ||     3

Table legend:
 A = Non-vault XP
 B = Vault XP
 C = Vault XP percentage of total XP
 D = Non-vault monster count
 E = Vault monster count
 F = Vault count percentage of total count
                 A         B        C        D         E       F
            +---------+---------+-------+---------+---------+-------
      Total |    1677 |    1232 |  42.4 |      81 |      50 |  38.2
            +---------+---------+-------+---------+---------+-------
        D:1 |      27 |       0 |   0.0 |      10 |       0 |   0.0
        D:2 |     187 |      36 |  16.1 |      26 |       1 |   3.7
        D:3 |     110 |       0 |   0.0 |      13 |       0 |   0.0
        D:4 |     146 |      34 |  18.9 |      18 |       9 |  33.3
        D:5 |    1207 |     592 |  32.9 |      14 |       3 |  17.6
    Ossuary |       0 |     570 | 100.0 |       0 |      37 | 100.0
            +---------+---------+-------+---------+---------+-------
